 Dungeon Crawl Stone Soup version 0.30-a0-632-g346586fe48 (webtiles) character file.

Game seed: 2139451065573421872

16 drugrobin the Sneak (level 2, 0/25 HPs)
             Began as a Demigod Delver on Jan 14, 2023.
             Slain by an adder (2 damage)
             ... on level 4 of the Dungeon.
             The game lasted 00:03:50 (569 turns).

drugrobin the Sneak (Demigod Delver)                 Turns: 569, Time: 00:03:51

Health: 0/25       AC:  3    Str: 13    XL:     2   Next: 24%
Magic:  4/4        EV: 11    Int: 12    God:
Gold:   23         SH:  0    Dex: 15    Spells: 1/1 levels left

rFire   . . .      SeeInvis .      - Unarmed
rCold   . . .      Faith    .    (no shield)
rNeg    . . .      Spirit   .    a - +0 leather armour
rPois   .          Reflect  .    (no helmet)
rElec   .          Harm     .    (no cloak)
rCorr   .          Rampage  .    (no gloves)
Will    .....                    (no boots)
Stlth   +++                      (no amulet)
HPRegen 0.24/turn                (no ring)
MPRegen 0.09/turn                (no ring)

@: lethally poisoned (0 -> -2)
A: high MP 1, forlorn, divine attributes
a: no special abilities


You were on level 4 of the Dungeon.
You visited 1 branch of the dungeon, and saw 2 of its levels.

You collected 23 gold pieces.

Inventory:

Missiles
 k - 5 curare-tipped darts (quivered)
Armour
 a - a +0 leather armour (worn)
Wands
 f - a wand of digging (3)
Scrolls
 b - a scroll of fog
 c - a scroll of magic mapping
 g - a scroll of vulnerability {unknown}
 h - 2 scrolls of identify {unknown}
 l - a scroll of immolation {unknown}
 m - a scroll of torment {unknown}
Potions
 d - a potion of degeneration {unknown}
 e - a potion of haste
 i - a potion of might {unknown}
 j - 2 potions of lignification {unknown}


   Skills:
 - Level 2.6 Fighting
 - Level 1.7 Dodging
 - Level 4.5 Stealth
 + Level 2.8 Unarmed Combat


You had one spell level left.
You didn't know any spells.
Your spell library contained the following spells:

 Spells                   Type           Power      Damage    Failure   Level
 Ignite Poison            Fire/Tmut/Pois 0%         N/A       77%         3
 Sticky Flame             Conj/Fire      0%         2d3       99%         4
 Ignition                 Fire           0%         3d3       100%        8


Dungeon Overview and Level Annotations

Branches:
Dungeon (5/15)
 Temple: D:4-7

Shops:
D:4 (

Annotations:
D:4 2 runed translucent doors
D:5 exclusions: hound, iguana, jelly and scorpion


Innate Abilities, Weirdness & Mutations

You have an increased reservoir of magic. (+10% MP)
You shall have no god before yourself.
Your divine heritage dramatically boosts your attributes as you level up.


Message History

You feel sick. The adder closely misses you.
You closely miss the adder.
The adder is heavily wounded.
You feel sick. The adder closely misses you.
You closely miss the adder.
The adder is heavily wounded.
You feel sick.
You are no longer poisoned.
The adder bites you but does no damage.
You hit the adder.
The adder is severely wounded.
The adder completely misses you. The adder bites you.
You hit the adder.
The adder is almost dead.
The adder bites you.
* * * LOW HITPOINT WARNING * * *
You closely miss the adder.
The adder is almost dead.
The adder completely misses you.
You closely miss the adder.
The adder is almost dead.
The adder bites you.
* * * LOW HITPOINT WARNING * * *
You are lethally poisoned!
The adder poisons you!
You barely miss the adder.
The adder is almost dead.
* * * LOW HITPOINT WARNING * * *
You feel sick. The adder barely misses you.
Unknown command.
Unknown command.
You miss the adder.
The adder is almost dead.
* * * LOW HITPOINT WARNING * * *
You feel sick. The adder closely misses you. The adder barely misses you.
You hit the adder but do no damage.
The adder is almost dead.
* * * LOW HITPOINT WARNING * * *
You feel sick. The adder bites you.
You die...

.. ##...#......# S.#
#...###.....## $..
##...##.......## S..
#...###........## ...
##...##..........##
...##...##............## ##
........##.............# ##.#
........#..........#...## #...#
#######........S@.###...###....#
##........†## ##...#.....#
#........## ##........#
#.......## ##.......# #......##
##......# #####...# #......#
###..## #......# ##..#
####.....# #..####.)...####


You could see an adder.

Vanquished Creatures
  A dart slug (D:5)
  2 orcs
  An endoplasm (D:4)
  A giant cockroach (D:4)
  3 jackals (D:5)
  2 ball pythons (D:4)
10 creatures vanquished.

Notes
Turn   | Place    | Note
-------+----------+-------------------------------------------
     0 | D:5      | drugrobin the Demigod Delver began the quest for the Orb.
     0 | D:5      | Reached XP level 1. HP: 18/18 MP: 3/3
     4 | D:5      | Noticed a hound
    35 | D:4      | Found Vurgh's Weapon Shop.
    50 | D:5      | Noticed a scorpion
    63 | D:5      | Noticed an iguana
    66 | D:5      | Noticed a jelly
    85 | D:5      | Noticed an iguana
   186 | D:5      | Noticed a jelly
   316 | D:5      | Noticed an iguana
   334 | D:4      | Reached XP level 2. HP: 25/25 MP: 4/4
   343 | D:4      | Found a large runed translucent door.
   343 | D:4      | Found a large runed translucent door.
   569 | D:4      | Slain by an adder

Illustrated notes

Levels and vault maps discovered:
D:4:      layout_cave_pods, kennysheep_little_box, ebering_ghost_disaster_area,
          kennysheep_pointless_box, hangedman_decor_growths,
          nicolae_take_the_stairs, chequers_garden, dk_vineyard_3,
          minmay_hedge_maze
D:5:      layout_cave_pools, general_overflow_altar, serial_glass,
          glass_columns_a, glass_columns_a

Skill      XL: |  1 |
---------------+----+-----
Unarmed Combat | 2 |  2.8
Fighting       | |  2.6
Dodging        | |  1.7
Stealth        | |  4.5

Action                   || total
-------------------------++-------
Melee: Unarmed           ||    81
       Punch             ||     1
  Use: Scroll            ||     1
 Stab: Sleeping          ||     1
Armor: Leather armour    ||    20
Dodge: Dodged            ||    45

Table legend: (Time is in decaauts)
 A = Elapsed time spent in this place.
 B = Non-inter-level travel time spent in this place.
 C = Inter-level travel time spent in this place.
 D = Time resting spent in this place.
 E = Time spent auto-exploring this place.
 F = Levels seen in this place.
 G = Mean time per level.
                   A        B        C        D        E       F      G
               +--------+--------+--------+--------+--------+-----+--------+
         Total |    566 |    547 |     19 |     36 |     97 |   2 |  283.0 |
       Dungeon |    566 |    547 |     19 |     36 |     97 |   2 |  283.0 |
               +--------+--------+--------+--------+--------+-----+--------+

Top non-repeatable levels by time:
     D:5: 315 daAuts
     D:4: 250 daAuts
